 Dungeon Crawl Stone Soup version 0.28-a0-1616-g050a50673c (webtiles) character file.

Game seed: 15453068914710939503

196 Ordine the Magician (level 5, -2/42 HPs)
             Began as a Deep Elf Hedge Wizard on Jan 22, 2022.
             Slain by Grinder (5 damage)
             ... on level 3 of the Dungeon.
             The game lasted 00:14:57 (4190 turns).

Ordine the Magician (Deep Elf Hedge Wizard)         Turns: 4190, Time: 00:14:57

Health: -2/42      AC:  2    Str:  4 (7)  XL:     5   Next: 46%
Magic:  5/14       EV: 12    Int: 18 (21) God:
Gold:   110        SH:  0    Dex: 13 (14) Spells: 2/14 levels left

rFire   . . .      SeeInvis .   a - +0 dagger
rCold   . . .      Faith    .   (no shield)
rNeg    . . .      Spirit   .   b - +0 robe
rPois   .          Reflect  .   c - +0 hat
rElec   .          Harm     .   (no cloak)
rCorr   .          Rampage  .   (no gloves)
Will    .....                   (no boots)
Stlth   ..........              (no amulet)
HPRegen 0.14/turn               (no ring)
MPRegen 0.14/turn               (no ring)

@: berserking, very quick
A: no striking features
a: no special abilities


You were on level 3 of the Dungeon.
You visited 1 branch of the dungeon, and saw 4 of its levels.

You collected 110 gold pieces.

Inventory:

Hand Weapons
 a - a +0 dagger (weapon)
Armour
 b - a +0 robe (worn)
 c - a +0 hat (worn)
Magical Staves
 i - a staff of death
Scrolls
 d - a scroll of enchant weapon {unknown}
 e - 3 scrolls of identify {unknown}
 g - a scroll of vulnerability {unknown}
 h - a scroll of magic mapping {unknown}
Potions
 j - a potion of degeneration
 k - a potion of heal wounds {unknown}


   Skills:
 - Level 3.0 Dodging
 - Level 3.0 Stealth
 + Level 5.0 Spellcasting
 * Level 3.2 Conjurations
 - Level 2.0 Summonings
 + Level 2.2 Translocations
 + Level 0.0 Transmutations
 + Level 1.5 Fire Magic
 + Level 1.1 Air Magic
 + Level 1.4 Poison Magic


You had 2 spell levels left.
You knew the following spells:

 Your Spells              Type           Power      Damage    Failure   Level
a - Magic Dart            Conj           64%        1d6       3%          1
b - Blink                 Tloc           24%        N/A       9%          2
c - Conjure Flame         Conj/Fire      13%        6-21      16%         3
d - Mephitic Cloud        Conj/Pois/Air  11%        N/A       19%         3
e - Ignite Poison         Fire/Tmut/Pois 8%         N/A       26%         3

Your spell library contained the following spells:

 Spells                   Type           Power      Damage    Failure   Level
 Call Imp                 Summ           11%        N/A       9%          2
 Slow                     Hex            16%        N/A       13%         1
 Freezing Cloud           Conj/Ice/Air   4%         6-21      90%         5


Dungeon Overview and Level Annotations

Branches:
Dungeon (4/15)
 Temple: D:4-7

Altars:
Qazlal

Annotations:
D:3 Grinder, Jessica


Message History

The spell is quite dangerous to miscast (12% risk of failure)!
Continue anyway?
The fire begins to smoulder!
Grinder gestures at you. Pain shoots through your body!
* * * LOW HITPOINT WARNING * * *
The fire ignites!
Unknown command.
Grinder blinks!
You start resting.
Grinder is nearby!
Casting: Conjure Flame (quite dangerous; 12% risk of failure)
Confirm with . or Enter, or press ? or * to list all spells.
Aiming: Magic Dart (safe; 3% risk of failure)
Press: ? - help, Shift-Dir - straight line, f/p - Grinder
Aim: Grinder (moderately wounded, 100% to hit)
The magic dart hits Grinder.
Grinder is heavily wounded.
It was a potion of degeneration.
There was something very wrong with that liquid.
You feel weakened.
You feel dopey.
You feel clumsy. Grinder gestures at you. You resist with significant effort.
It was a potion of berserk rage.
A red film seems to cover your vision as you go berserk!
You feel yourself moving faster!
You feel mighty! Grinder barely misses you.
You closely miss Grinder. Your punch misses Grinder.
Grinder is heavily wounded.
Grinder hits you!
* * * LOW HITPOINT WARNING * * *
You writhe in agony.
* * * LOW HITPOINT WARNING * * *
Unknown command.
You barely miss Grinder.
Grinder is heavily wounded.
You puncture Grinder!
Grinder is severely wounded.
Grinder hits you.
* * * LOW HITPOINT WARNING * * *
You writhe in agony.
You die...

#........
#....###.
#....###.
#......#.
#........
#......##
#......#
##############
#......#
#.........@5.#
##.#####
#.......####.#
#.#
#..........#.#
#.#
#........#.#.#
#.######
####..).....#.#.#
#.#.....
#...........#.#5#
#.#.....
#.#####...#.5<..#
#.#..... #.#
###########
#.#.....
#.####≈##.......#
#.#.....


You could see Grinder.

Vanquished Creatures
  A scorpion (D:2)
  Terence (D:2)
  4 adders
  2 dart slugs
  4 ball pythons
  6 endoplasms
  3 giant cockroaches
  8 goblins
  8 hobgoblins
  2 jackals (D:1)
  5 quokkas
  9 bats
  4 kobolds
  2 rats
59 creatures vanquished.

Notes
Turn   | Place    | Note
-------+----------+-------------------------------------------
     0 | D:1      | Ordine the Deep Elf Hedge Wizard began the quest for the
                  | Orb.
     0 | D:1      | Reached XP level 1. HP: 10/10 MP: 7/7
   370 | D:1      | Reached XP level 2. HP: 15/15 MP: 3/9
   424 | D:1      | Learned a level 2 spell: Blink
   636 | D:1      | Found a faded altar of an unknown god.
   954 | D:1      | Reached XP level 3. HP: 16/19 MP: 0/11
  1008 | D:1      | Learned a level 3 spell: Conjure Flame
  1012 | D:1      | Learned a level 3 spell: Mephitic Cloud
  1819 | D:2      | You fall into a shaft and drop 2 floors!
  1876 | D:2      | Noticed a scorpion
  1949 | D:3      | Noticed Jessica
  2022 | D:3      | Reached XP level 4. HP: 24/24 MP: 5/12
  2284 | D:2      | Found a stormy altar of Qazlal.
  2311 | D:2      | HP: 1/24 [scorpion (4)]
  2856 | D:2      | Killed a scorpion
  2857 | D:2      | Reached skill level 1 in Fire Magic
  2857 | D:2      | Reached skill level 1 in Air Magic
  2857 | D:2      | Reached skill level 1 in Poison Magic
  2857 | D:2      | Reached XP level 5. HP: 28/28 MP: 2/14
  3034 | D:2      | Noticed Terence
  3139 | D:2      | Killed Terence
  3391 | D:2      | Reached skill level 5 in Spellcasting
  3395 | D:2      | Learned a level 3 spell: Ignite Poison
  4150 | D:3      | Noticed Grinder
  4158 | D:3      | Paralysed by Grinder for 5 turns
  4168 | D:3      | Paralysed by Grinder for 4 turns
  4190 | D:3      | Slain by Grinder

Illustrated notes

Levels and vault maps discovered:
D:1:      ncdulo_wetmaze, layout_loops_ring, ebering_ecumenical_altar_hall,
          minmay_pentomino_t2
D:2:      layout_loops_ring, basic_altar, uniq_terence
D:3:      layout_basic, skrybe_limestone_x, chequers_serial_rivers_small_3,
          kennysheep_generic_room_11, uniq_jessica, uniq_grinder
D:4:      layout_rooms, mainiacjoe_overflow_brackets,
          grunt_temple_overflow_open, nrook_mini_vaults

Skill      XL: |  1  2  3  4  5 |
---------------+----------------+-----
Conjurations   | 2 3 |  3.2
Dodging        | 3 |  3.0
Stealth        | 3 |  3.0
Summonings     | 2 |  2.0
Translocations | 2 |  2.2
Fire Magic     | 1 |  1.5
Air Magic      | 1 |  1.1
Poison Magic   | 1 |  1.4
Spellcasting   | 5 |  5.0

Action                   |  1- 3 |  4- 6 || total
-------------------------+-------+-------++-------
Melee: Dagger            |       |     3 ||     3
 Cast: Magic Dart        |   104 |    75 ||   179
       Conjure Flame     |       |     7 ||     7
       Blink             |       |     3 ||     3
       Mephitic Cloud    |       |     1 ||     1
  Use: Potion            |       |     3 ||     3
Armor: Robe              |    10 |     3 ||    13
Dodge: Dodged            |    26 |     9 ||    35

Table legend: (Time is in decaauts)
 A = Elapsed time spent in this place.
 B = Non-inter-level travel time spent in this place.
 C = Inter-level travel time spent in this place.
 D = Time resting spent in this place.
 E = Time spent auto-exploring this place.
 F = Levels seen in this place.
 G = Mean time per level.
                   A        B        C        D        E       F      G
               +--------+--------+--------+--------+--------+-----+--------+
         Total |   4193 |   4069 |    124 |   1171 |   2351 |   4 | 1048.2 |
       Dungeon |   4193 |   4069 |    124 |   1171 |   2351 |   4 | 1048.2 |
               +--------+--------+--------+--------+--------+-----+--------+

Top non-repeatable levels by time:
     D:1: 1889 daAuts
     D:2: 1595 daAuts
     D:3: 704 daAuts
     D:4: 3 daAuts
